 Dungeon Crawl Stone Soup version 0.31-a0-700-gf13585253f (webtiles) character file.

Game seed: 16627258390003031900

214 qw the Shooter (level 5, -7/33 HPs)
             Began as a Gargoyle Hunter on Sept 7, 2023.
             Mangled by a wraith (10 damage)
             ... in an ossuary.
             The game lasted 00:00:54 (2432 turns).

qw the Shooter (Gargoyle Hunter)                    Turns: 2432, Time: 00:00:54

Health: -7/33      AC: 11    Str: 15    XL:     5   Next: 92%
Magic:  5/5        EV: 11    Int:  9    God:
Gold:   115        SH:  0    Dex: 15    Spells: 4/4 levels left

rFire   . . .        Y - +0 shortbow
rCold   . . .        (shield currently unavailable)
rNeg    + . .        d - +3 leather armour
rPois   inf          (no helmet)
rElec   +            (no cloak)
rCorr   .            i - +0 pair of gloves
SInv    .            (no boots)
Will    .....        k - amulet of the acrobat
Stlth   ++           (no ring)
HPRegen 0.25/turn    (no ring)
MPRegen 0.09/turn

%: acrobat
@: slowed, very slow
A: sickness immunity, AC +4, negative energy resistance 1, electricity
resistance, torment resistance 1, petrification resistance
a: no special abilities


You were in an ossuary.
You visited 1 branch of the dungeon, and saw 4 of its levels.
You also visited: Ossuary.

You collected 115 gold pieces.


Innate Abilities, Weirdness & Mutations

You are immune to sickness and miasma.
Your stone body is resilient. (AC +4)
You are immune to poison.
You resist negative energy. (rN+)
You are resistant to electric shocks. (rElec)
You are resistant to unholy torment.
You are immune to petrification.


   Skills:
 - Level 4.1 Fighting
 + Level 6.0 Ranged Weapons
 - Level 1.0 Armour
 - Level 1.5 Dodging
 - Level 1.1 Stealth


You had 4 spell levels left.
You didn't know any spells.
Your spell library was empty.

Inventory:

Hand Weapons
 Y - a +0 shortbow (weapon)
Armour
 d - a +3 leather armour (worn)
 i - a +0 pair of gloves (worn)
Jewellery
 k - an amulet of the acrobat (around neck)
Scrolls
 a - 2 scrolls of identify
 b - a scroll of teleportation {unknown}
 l - a scroll of fear {unknown}
 m - a scroll of silence {unknown}
 n - a scroll of brand weapon {unknown}
Potions
 c - 2 potions of haste
 e - 3 potions of might
 f - 2 potions of curing
 h - a potion of lignification {unknown}
 j - a potion of resistance

Dungeon Overview and Level Annotations

Branches:
Dungeon (4/15)            Ossuary (1/1)
 Temple: D:4-7

Altars:


Message History

The wraith closely misses you.
You shoot an arrow. The arrow barely misses the wraith.
The wraith closely misses you. The wraith hits you!
The wraith drains your vigour!
You feel yourself slow down.
You shoot an arrow. The arrow hits the wraith.
The wraith is moderately damaged.
The wraith hits you! The wraith drains your vigour!
You feel as though you will be slow longer.
2425 ||| DRINKING potion of heal wounds.
You feel much better. The wraith hits you but does no damage.
The wraith hits you! The wraith drains your vigour!
You feel as though you will be slow longer.
You shoot an arrow. The arrow hits the wraith.
The wraith is heavily damaged.
The wraith hits you! The wraith drains your vigour!
You feel as though you will be slow longer.
You shoot an arrow. The arrow barely misses the wraith.
The wraith hits you but does no damage. The wraith hits you.
The wraith drains your vigour!
You feel as though you will be slow longer.
You shoot an arrow.
The arrow hits the wraith but does no damage.
The wraith is heavily damaged.
The wraith barely misses you. The wraith hits you.
The wraith drains your vigour!
You feel as though you will be slow longer.
You shoot an arrow. The arrow closely misses the wraith.
The wraith closely misses you.
You shoot an arrow. The arrow barely misses the wraith.
The wraith hits you but does no damage. The wraith hits you!
The wraith drains your vigour!
You feel as though you will be slow longer.
You shoot an arrow. The arrow hits the wraith.
The wraith is heavily damaged.
The wraith barely misses you. x2
You shoot an arrow. The arrow hits the wraith.
The wraith is heavily damaged.
The wraith hits you!
You die...

# #...............#
###.###.......###.#
..'.#z#..?/...#z#.#
###.###..../..###.#
# #...............#
# #.###..###..###.#
#.# #..# #..#.#.#
#.+ #..###..##W.#
#.. ..........@.#
#################


You could see a wraith.

Vanquished Creatures
  A wight (Ossuary)
  A hound (D:2)
  8 adders
  An adder zombie (Ossuary)
  A worm (D:3)
  2 dart slugs (D:2)
  An orc (D:3)
  A bat (D:3)
  3 endoplasms
  A giant cockroach (D:3)
  5 goblins
  A hobgoblin (D:2)
  3 quokkas
  6 ball pythons
  A ball python skeleton (Ossuary)
  A frilled lizard (D:2)
  2 hobgoblin skeletons (Ossuary)
  A hobgoblin zombie (Ossuary)
  6 kobolds
  2 orc skeletons (Ossuary)
  2 orc zombies (Ossuary)
  4 rats
54 creatures vanquished.

Notes
Turn   | Place    | Note
-------+----------+-------------------------------------------
     0 | D:1      | qw the Gargoyle Hunter began the quest for the Orb.
     0 | D:1      | Reached XP level 1. HP: 12/12 MP: 1/1
     0 | D:1      | 0 ||| qw: Version: 0.3-a-76-g4403597
     0 | D:1      | 0 ||| qw: Game counter: 514
     0 | D:1      | 0 ||| qw: Melee chars always use a shield: true
     0 | D:1      | 0 ||| qw: God list: Okawaru
     0 | D:1      | 0 ||| qw: Allow faded altars: false
     0 | D:1      | 0 ||| qw: Do Orc after clearing Dungeon:15 true
     0 | D:1      | 0 ||| qw: Do second Lair branch before Depths: true
     0 | D:1      | 0 ||| qw: Lair rune preference: random
     0 | D:1      | 0 ||| qw: Goals: Normal
     0 | D:1      | 0 ||| PLANNING D:1-11
   174 | D:1      | Reached XP level 2. HP: 17/17 MP: 2/2
   645 | D:1      | 645 ||| READING 4 scrolls labelled JINIHA OLIE.
   646 | D:1      | 646 ||| READING scroll labelled LETEOKH WIHIEPN.
   647 | D:1      | 647 ||| READING 3 scrolls of identify.
   647 | D:1      | 647 ||| IDENTIFYING bubbling sapphire potion
   648 | D:1      | 648 ||| READING 2 scrolls of identify.
   648 | D:1      | 648 ||| IDENTIFYING purple potion
   649 | D:1      | 649 ||| DROPPING scroll of butterflies.
   741 | D:2      | Reached XP level 3. HP: 21/21 MP: 3/3
   852 | D:2      | Reached skill level 5 in Ranged Weapons
   968 | D:2      | Reached skill level 3 in Fighting
  1080 | D:2      | Reached XP level 4. HP: 28/28 MP: 4/4
  1123 | D:2      | HP: 7/28 [hobgoblin (3)]
  1629 | D:2      | 1629 ||| UPGRADING to +3 leather armour.
  1639 | D:2      | 1639 ||| DROPPING +0 leather armour.
  1640 | D:2      | 1640 ||| UPGRADING to +0 pair of gloves.
  1645 | D:2      | 1645 ||| UPGRADING to amulet of the acrobat.
  1650 | D:2      | 1650 ||| READING scroll labelled KULOTHROTEL.
  1651 | D:2      | 1651 ||| READING scroll labelled FELYING QOSUN.
  1652 | D:2      | 1652 ||| DRINKING 2 viscous coppery potions.
  1653 | D:2      | 1653 ||| READING 3 scrolls of identify.
  1653 | D:2      | 1653 ||| IDENTIFYING golden potion
  1840 | D:3      | Reached XP level 5. HP: 32/32 MP: 5/5
  1867 | D:3      | Reached skill level 6 in Ranged Weapons
  2195 | D:3      | 2195 ||| READING scroll labelled USMYISSEAKK.
  2196 | D:3      | 2196 ||| READING 2 scrolls of identify.
  2196 | D:3      | 2196 ||| IDENTIFYING fuming coppery potion
  2232 | D:4      | Found a sand-covered staircase.
  2233 | D:4      | 2233 ||| PLANNING OSSUARY
  2241 | Ossuary  | Entered an ossuary
  2282 | Ossuary  | Reached skill level 1 in Armour
  2338 | Ossuary  | Noticed a flying skull
  2338 | Ossuary  | Noticed a wraith
  2347 | Ossuary  | Noticed a flying skull
  2372 | Ossuary  | Noticed a flying skull
  2384 | Ossuary  | HP: 4/32 [wight/+2 spear of flaming (7)]
  2385 | Ossuary  | 2385 ||| DRINKING 3 potions of heal wounds.
  2395 | Ossuary  | HP: 7/32 [wight/+2 spear of flaming (5)]
  2396 | Ossuary  | 2396 ||| DRINKING 2 potions of heal wounds.
  2418 | Ossuary  | Noticed a wraith
  2424 | Ossuary  | HP: 8/33 [wraith (10)]
  2425 | Ossuary  | 2425 ||| DRINKING potion of heal wounds.
  2430 | Ossuary  | HP: 2/33 [wraith (7)]
  2432 | Ossuary  | Mangled by a wraith

Levels and vault maps discovered:
D:1:      sevenhm_arrival_forest_fort_small_4, layout_basic
D:2:      layout_loops_corners
D:3:      layout_rooms, serial_forest, infiniplex_forest_clump_small,
          infiniplex_forest_clump_double, infiniplex_forest_clump_medium,
          infiniplex_forest_straight_2, infiniplex_forest_lined_room_2,
          infiniplex_forest_clump_small, infiniplex_forest_clump_double,
          infiniplex_forest_straight_2, chequers_serial_rivers_micro_c
D:4:      layout_cave_pools, amethyst_overflow_temple_binary,
          nicolae_ossuary_entry_ruins
Ossuary:  ossuary_due_cavern

Skill      XL: |  1  2  3  4  5 |
---------------+----------------+-----
Ranged Weapons | 5 6 |  6.0
Fighting       | 3 4 |  4.1
Armour         | 1 |  1.0
Dodging        | |  1.5
Stealth        | |  1.1

Action                     |  1- 3 |  4- 6 || total
---------------------------+-------+-------++-------
   Fire: Shortbow          |    92 |   118 ||   210
    Use: Scroll            |     4 |     5 ||     9
         Potion            |       |     4 ||     4
 Armour: Leather armour    |    25 |    67 ||    92
  Dodge: Dodged            |    30 |    51 ||    81

Table legend:
 A = Non-vault XP
 B = Vault XP
 C = Vault XP percentage of total XP
 D = Non-vault monster count
 E = Vault monster count
 F = Vault count percentage of total count
                 A         B        C        D         E       F
            +---------+---------+-------+---------+---------+-------
      Total |     213 |      94 |  30.6 |      44 |      10 |  18.5
            +---------+---------+-------+---------+---------+-------
        D:1 |      14 |       0 |   0.0 |       9 |       0 |   0.0
        D:2 |     124 |       0 |   0.0 |      21 |       0 |   0.0
        D:3 |      75 |       0 |   0.0 |      14 |       0 |   0.0
    Ossuary |       0 |      94 | 100.0 |       0 |      10 | 100.0
            +---------+---------+-------+---------+---------+-------
